Construct Infanterie Kompanie
Selects Breakthrough Battlegroup
Selects Assault Grenadiers
Infanterie Officer Quarters
Construct Panzergrenadier Kompanie
Selects 2.5-tonne Cargo Truck
Construct Panzergrenadier Kompanie
Pak 40 Anti-tank Gun Team
Construct Panzer Kompanie
Selects Panzer IV Command Tank Sd.Kfz. 161/1
Selects Smoke Bombing Run
Selects Incendiary Bombing Run
Nebelwerfer 42 Rocket Launcher Team
Nebelwerfer 42 Rocket Launcher Team
Pak 40 Anti-tank Gun Team